 Dungeon Crawl Stone Soup version 0.32-a0-141-g04fe69798e (webtiles) character file.

Game seed: 14696790142265426365

8 Eptagon the Covert (level 2, 0/26 (29) HPs)
             Began as a Gnoll Delver on Feb 11, 2024.
             Slain by a wight
             ... wielding a +3 mace
              (5 damage)
             ... on level 5 of the Dungeon.
             The game lasted 00:00:29 (171 turns).

Eptagon the Covert (Gnoll Delver)                    Turns: 171, Time: 00:00:29

HP:   0/26 (29)     AC:  3    Str: 11    XL:     2   Next: 8%
MP:   2/2           EV: 13    Int:  9    God:
Gold: 9             SH:  0    Dex: 13    Spells: 1/1 levels left

rFire   . . .        a - +0 hand axe
rCold   . . .        (no shield)
rNeg    . . .        b - +0 leather armour
rPois   .            (no helmet)
rElec   .            (no cloak)
rCorr   .            (no gloves)
SInv    .            (no boots)
Will    .....        (no amulet)
Stlth   ++++         (no ring)
HPRegen 0.24/turn    (no ring)
MPRegen 0.08/turn

%: no passive effects
@: heavily drained
A: fangs 1, strong nose, distributed training
a: no special abilities


You were on level 5 of the Dungeon.
You visited 1 branch of the dungeon, and saw 1 of its levels.

You collected 9 gold pieces.

Inventory:

Hand Weapons
 a - a +0 hand axe (weapon)
Armour
 b - a +0 leather armour (worn)
Wands
 g - a wand of digging (3)
Scrolls
 c - a scroll of fog
 d - a scroll of revelation
 e - a scroll of fear
Potions
 f - a potion of haste


   Skills:
 + Level 6.4 Fighting
 + Level 0.3 Short Blades
 + Level 0.3 Long Blades
 + Level 4.4 Axes
 + Level 0.3 Maces & Flails
 + Level 0.3 Polearms
 + Level 0.3 Staves
 + Level 0.3 Ranged Weapons
 + Level 0.3 Throwing
 + Level 0.3 Armour
 + Level 4.4 Dodging
 + Level 9.5 Stealth
 + Level 0.3 Shields
 + Level 0.3 Unarmed Combat
 + Level 0.3 Spellcasting
 + Level 0.2 Conjurations
 + Level 0.2 Hexes
 + Level 0.2 Summonings
 + Level 0.2 Necromancy
 + Level 0.2 Translocations
 + Level 0.2 Fire Magic
 + Level 0.2 Ice Magic
 + Level 0.2 Air Magic
 + Level 0.2 Earth Magic
 + Level 0.2 Alchemy
 + Level 0.4 Invocations
 + Level 0.3 Evocations
 + Level 0.2 Shapeshifting


You had one spell level left.
You didn't know any spells.
Your spell library was empty.

Dungeon Overview and Level Annotations

Branches:
Dungeon (5/15)
 Temple: D:4-7

Altars:


Innate Abilities, Weirdness & Mutations

You have very sharp teeth.
Your uncanny sense of smell can sniff out nearby items.
Your experience applies equally to all skills.


Message History

You hit the orc.
You kill the orc!
You hit the orc. The orc hits you but does no damage.
The orc barely misses you.
You hit the orc. You punch the orc.
You kill the orc!
You have reached level 2!
HP restored.
Items here: ( )) [ ††.
You open the door.
There is an open door here.
You now have 9 gold pieces.
You open the door.
There is an open door here.
You open the door.
There is an open door here.
You open the door.
A wight comes into view. It is wielding a +0 short sword.
The wight moves out of view.
Found a Fen Folio and a scroll labelled EHIKHL JYCSAGGILA.
There is an open door here. 2 wights come into view.
The wight moves out of view.
There is an open door here.
You closely miss the wight. The wight hits you with a +3 mace.
You feel drained.
You barely miss the wight. The wight closely misses you.
You barely miss the wight. The wight closely misses you.
You hit the wight.
The wight is lightly damaged.
The wight hits you with a +3 mace!
You hit the wight but do no damage.
The wight is lightly damaged.
The wight barely misses you.
You barely miss the wight. Your punch misses the wight.
The wight is lightly damaged.
The wight hits you with a +3 mace!
* * * LOW HITPOINT WARNING * * *
You feel drained.
You die...

.......... ##.........
#.......... ....?.....
##### ....:.... #+#...#+#
###z.......
#####.......#####......z...
#.#...........#.#z####.....
..##.........##.@.### ...
...'.........'......# ∆ .
...##.......##......#
))..#.......#.......#
....####'####.......+
....#.......#.......#
...##.......##......#
...+.........+......#
..##.........##...###


You could see 2 wights.

Vanquished Creatures
  4 orcs (D:5)
4 creatures vanquished.

Notes
Turn   | Place    | Note
-------+----------+-------------------------------------------
     0 | D:5      | Reached skill level 9 in Stealth
     0 | D:5      | Eptagon the Gnoll Delver began the quest for the Orb.
     0 | D:5      | Reached XP level 1. HP: 23/23 MP: 1/1
    33 | D:5      | Reached XP level 2. HP: 6/29 MP: 2/2
   153 | D:5      | Noticed a wight
   157 | D:5      | Noticed a wight
   157 | D:5      | Noticed a wight
   171 | D:5      | Slain by a wight

Illustrated notes

Levels and vault maps discovered:
D:5:      nicolae_cairo_tiling_very_big, layout_layer_cave, elyvilon_altar_3

Skill      XL: | |
---------------+-+-----
Stealth        | |  9.5
Fighting       | |  6.4
Short Blades   | |  0.3
Long Blades    | |  0.3
Axes           | |  4.4
Maces & Flails | |  0.3
Polearms       | |  0.3
Staves         | |  0.3
Ranged Weapons | |  0.3
Throwing       | |  0.3
Armour         | |  0.3
Dodging        | |  4.4
Shields        | |  0.3
Unarmed Combat | |  0.3
Spellcasting   | |  0.3
Conjurations   | |  0.2
Hexes          | |  0.2
Summonings     | |  0.2
Necromancy     | |  0.2
Translocations | |  0.2
Fire Magic     | |  0.2
Ice Magic      | |  0.2
Air Magic      | |  0.2
Earth Magic    | |  0.2
Alchemy        | |  0.2
Invocations    | |  0.4
Evocations     | |  0.3
Shapeshifting  | |  0.2

Action                     || total
---------------------------++-------
  Melee: Hand axe          ||    18
         Punch             ||     2
 Armour: Leather armour    ||    11
  Dodge: Dodged            ||    12

Table legend: (Time is in decaauts)
 A = Elapsed time spent in this place.
 B = Non-inter-level travel time spent in this place.
 C = Inter-level travel time spent in this place.
 D = Time resting spent in this place.
 E = Time spent auto-exploring this place.
 F = Levels seen in this place.
 G = Mean time per level.
                   A        B        C        D        E       F      G
               +--------+--------+--------+--------+--------+-----+--------+
         Total |    172 |    172 |      0 |      0 |    139 |   1 |  172.0 |
       Dungeon |    172 |    172 |      0 |      0 |    139 |   1 |  172.0 |
               +--------+--------+--------+--------+--------+-----+--------+

Top non-repeatable levels by time:
     D:5: 172 daAuts
